 Dungeon Crawl Stone Soup version 0.18.1-8-gdd0e5ea (webtiles) character file.

22 santipi the Grave Robber (level 3, -1/24 HPs)
             Began as a Human Necromancer on June 6, 2016.
             Slain by a hobgoblin
             ... wielding a +0 club
              (4 damage)
             ... on level 1 of the Dungeon.
             The game lasted 00:05:11 (989 turns).

santipi the Grave Robber (Human Necromancer)         Turns: 989, Time: 00:05:13

Health: -1/24      AC:  2    Str:  8    XL:     3   Next: 7%
Magic:  4/6        EV: 12    Int: 16    God:
Gold:   66         SH:  0    Dex: 13    Spells: 2 memorised, 4 levels left

rFire  . . .     SeeInvis .     d - +0 dagger
rCold  . . .     Gourm    .     a - +0 robe
rNeg   . . .     Faith    .     (no shield)
rPois  .         Spirit   .     (no helmet)
rElec  .         Dismiss  .     (no cloak)
rCorr  .         Reflect  .     (no gloves)
SustAt .         Harm     .     (no boots)
MR     .....                    (no amulet)
Stlth  ++........               (no ring)
                                (no ring)

@: not resistant to hostile enchantments, unstealthy
A: no striking features
a: no special abilities


You were on level 1 of the Dungeon.
You were hungry.

You visited 1 branch of the dungeon, and saw 1 of its levels.

You collected 66 gold pieces.

Inventory:

Hand Weapons
 d - a +0 dagger (weapon)
Armour
 a - a +0 robe (worn)
Books
 b - a book of Necromancy

   Spells                             Type                      Level
   a - Pain                           Necromancy                   1
   b - Animate Skeleton               Necromancy                   1
   c - Vampiric Draining              Necromancy                   3
   d - Regeneration                   Charms/Necromancy            3
   e - Animate Dead                   Necromancy                   4
   f - Control Undead                 Necromancy                   4
Comestibles
 c - a bread ration
 f - 2 meat rations
 g - a chunk of flesh
 h - 4 fruits


   Skills:
 * Level 1.0 Short Blades
 + Level 2.2 Dodging
 + Level 2.0 Stealth
 + Level 2.1 Spellcasting
 + Level 4.4 Necromancy


You had 4 spell levels left.
You knew the following spells:

 Your Spells              Type           Power        Failure   Level  Hunger
a - Pain                  Necr           ###.         4%          1    #......
b - Animate Skeleton      Necr           N/A          4%          1    #......


Dungeon Overview and Level Annotations

Branches:
Dungeon (1/15)

Altars:


Message History

Aim: a jackal (chance to defeat MR: 92%)
The jackal barely resists.
The jackal bites you.
* * * LOW HITPOINT WARNING * * *
The jackal completely misses you.
You aren't carrying any potions.
Read which item? (? for menu, Esc to quit)
As you read the scroll labeled EMOETIWNEO, it crumbles to dust.
You feel strangely unstable.
It was a scroll of teleportation.
The jackal bites you but does no damage.
Your surroundings suddenly seem different.
Found a mace.
Found a stone staircase leading down.
A hobgoblin comes into view. It is wielding a club.
The hobgoblin shouts!
Casting: Pain
Confirm with . or Enter, or press ? or * to list all spells.
Aiming: Pain
Press: ? - help, Shift-Dir - straight line, f - hobgoblin
Aim: a hobgoblin, wielding a club (chance to defeat MR: 92%)
The hobgoblin convulses in agony!
The hobgoblin hits you with a club.
You die...

..#.# #..........##.... ###.#.#
.#.........#.... ...#.#
#.#.........#....
#######..#.######.#.........#....
...........#.................####
.........#.#..........)......####
>).........#...#.................
#........#g................
#.####.###@..##...#######.. #..
.....#...##...##### #..
#....#.#.#...#####....# #..
#....#.#.#...#####....###..
...........................
..##.#.# #................. ###
.#.# #.####.##.....##.. .# #.#..
#.##[....##.. . #.#.#.#
#.##.....##..


You could see a hobgoblin.

Vanquished Creatures
  A giant gecko (D:1)
  3 bats (D:1)
  A goblin (D:1)
  6 hobgoblins (D:1)
  2 jackals (D:1)
  2 kobolds (D:1)
  2 rats (D:1)
17 creatures vanquished.

Vanquished Creatures (collateral kills)
  A bat (D:1)
1 creature vanquished.

Grand Total: 18 creatures vanquished

Notes
Turn   | Place    | Note
--------------------------------------------------------------
     0 | D:1      | santipi the Human Necromancer began the quest for the Orb.
     0 | D:1      | Reached XP level 1. HP: 13/13 MP: 3/3
   353 | D:1      | Reached XP level 2. HP: 17/19 MP: 1/5
   475 | D:1      | Learned a level 1 spell: Animate Skeleton
   867 | D:1      | Reached skill level 1 in Short Blades
   956 | D:1      | Reached XP level 3. HP: 18/24 MP: 4/6
   989 | D:1      | Slain by a hobgoblin

Skill      XL: |  1  2 |
---------------+-------+-----
Short Blades   | 1 |  1.0
Dodging        | |  2.2
Stealth        | |  2.0
Spellcasting   | |  2.1
Necromancy     | |  4.4

Action                   || total
-------------------------++-------
Melee: Dagger            ||    49
 Cast: Pain              ||    18
       Animate Skeleton  ||     2
  Use: Scroll            ||     5
Armor: Robe              ||    11
Dodge: Dodged            ||    42
